 Dungeon Crawl Stone Soup version 0.24-a0-520-g8fd06ad0bc (webtiles) character file.

Game seed: 12855754168581443518

4097 vurker the Cleaver (level 10, -5/80 (81) HPs)
             Began as a Formicid Fighter on July 27, 2019.
             Was an Elder of Okawaru.
             Killed from afar by a starcursed mass (12 damage)
             ... with an accursed screaming
             ... on level 1 of the Abyss.
             The game lasted 00:13:27 (7186 turns).

vurker the Cleaver (Formicid Fighter)               Turns: 7186, Time: 00:13:27

HP:   -5/80 (81)    AC: 19    Str: 26    XL:     10   Next: 50%
MP:   15/15         EV: 17    Int:  9    God:    Okawaru [****..]
Gold: 193           SH: 11    Dex: 10    Spells: 9/9 levels left

rFire    . . .     SeeInvis +   a - +1 war axe
rCold    . . .     Gourm    .   c - +1 shield
rNeg     . . .     Faith    .   r - +2 crystal plate armour
rPois    .         Spirit   .   (helmet unavailable)
rElec    .         Reflect  .   (no cloak)
rCorr    .         Harm     .   d - +0 pair of gloves {Str+3}
MR       +....                  (no boots)
Stlth    ..........             o - amulet of the acrobat
HPRegen  0.00/turn              (no ring)
MPRegen  0.14/turn              (no ring)

@: acrobat, non-regenerating, diseased
A: permanent stasis, dig shafts and tunnels, four strong arms, antennae 3
a: Dig, Shaft Self, Heroism, Renounce Religion


You were on level 1 of the Abyss.
You worshipped Okawaru.
Okawaru was greatly pleased with you.
You were not hungry.

You visited 2 branches of the dungeon, and saw 9 of its levels.
You visited the Abyss 1 time.

You collected 331 gold pieces.
You spent 138 gold pieces at shops.

Inventory:

Hand Weapons
 a - a +1 war axe (weapon)
Missiles
 v - 3 throwing nets (quivered)
Armour
 c - a +1 shield (worn)
 d - a +0 pair of gloves of strength (worn)
   (You bought it in a shop on level 5 of the Dungeon)
 r - a +2 crystal plate armour (worn)
   (You found it on level 7 of the Dungeon)
Jewellery
 o - an amulet of the acrobat (around neck)
   (You found it on level 1 of the Dungeon)
Wands
 p - a wand of enslavement (3)
   (You found it on level 4 of the Dungeon)
 t - a wand of flame (21)
   (You found it on level 6 of the Dungeon)
 u - a wand of paralysis (5)
   (You took it off Joseph on level 7 of the Dungeon)
 x - a wand of polymorph (14)
   (You found it on level 6 of the Dungeon)
Scrolls
 k - 3 scrolls of remove curse
 n - a scroll of fog
 q - 4 scrolls of identify
 s - a scroll of enchant weapon
Potions
 f - 2 potions of curing
 g - 4 potions of flight
 h - a potion of might
 i - a potion of ambrosia
 m - a potion of lignification
Comestibles
 e - 13 rations


   Skills:
 + Level 8.3 Fighting
 * Level 10.0 Axes
 - Level 3.2 Armour
 - Level 3.6 Shields
 * Level 7.2 Invocations
 - Level 5.7 Evocations


You had 9 spell levels left.
You didn't know any spells.
Your spell library contained the following spells:

 Spells                   Type           Power        Failure   Level  Hunger
 Passwall                 Tmut/Erth      #.......     100%        2    ###....
 Conjure Flame            Conj/Fire      #.......     100%        3    ####...
 Stone Arrow              Conj/Erth      #.....       100%        3    ####...
 Irradiate                Conj/Tmut      #.........   100%        5    ######.


Dungeon Overview and Level Annotations

Branches:
Dungeon (8/15)             Temple (1/1) D:5
   Lair: D:8-11

Altars:
Elyvilon
Kikubaaqudgha
Makhleb
Okawaru

Shops:
D:5 [   D:6 (

Annotations:
D:8 Gastronok, Psyche


Innate Abilities, Weirdness & Mutations

You cannot be hasted, slowed, berserked, paralysed or teleported.
You can dig through walls and to a lower floor.
Your four strong arms can wield two-handed weapons with a shield.
You have a pair of large antennae on your head. (SInv)


Message History

You feel sick.
You feel sick. The orange demon stings you from afar.
You extend your mandibles.
You can't dig through that.
You extend your mandibles.
You can't dig through that.
Unknown command.
Okay, then.
You feel sick. You block the orange demon's attack.
The orange demon hits you but does no damage.
You block the orange demon's attack. The orange demon closely misses you.
You feel sick. You block the orange demon's attack.
You feel sick.
You feel sick. The orange demon misses you.
You feel sick.
You feel sick.
You feel sick.
You feel sick.
An ancient zyme comes into view.
You feel yourself growing ill in the presence of the ancient zyme.
You feel sick.
You feel ill.
A starcursed mass comes into view.
You feel sick.
You are no longer poisoned.
A starcursed mass splits.
A chorus of shrieks assaults your mind.
A starcursed mass splits. x2
A starcursed mass splits.
A chorus of shrieks assaults your mind.
* * * LOW HITPOINT WARNING * * *
A starcursed mass splits.
A chorus of shrieks assaults your mind.
* * * LOW HITPOINT WARNING * * *
A chorus of shrieks assaults your mind.
* * * LOW HITPOINT WARNING * * *
A starcursed mass splits.
You block the orange demon's attack.
The starcursed mass engulfs you but does no damage.
Unknown command.
The orange demon barely misses you.
A deafening chorus of shrieks assaults your mind!
* * * LOW HITPOINT WARNING * * *
The starcursed mass engulfs you but does no damage.
You block the orange demon's attack. You block the orange demon's attack.
Unknown command.
A starcursed mass splits. x2
A cacophony of accursed wailing tears at your sanity!
You die...

#. .. #. .#
.#.##.# { #X
.#.#.. .##. ...
XX##.## # ###
##X.X... #..
#..##XXX..#.# .
..
#..#X4x...###.#
x..#
#@####.....# ..
. ###
##.####..# #
..x. #
##.#.##.#
#.#.##.#
..#4#..# #
##..# ## .. #.
# # #.#..


You could see 8 starcursed masses, an orange demon and an ancient zyme.

Vanquished Creatures
  Harold (D:7)
  Joseph (D:7)
  Prince Ribbit (D:5)
  Sigmund (D:3)
  A human (D:7)
  4 hogs (D:7)
  Edmund (D:5)
  A sky beast (D:6)
  An ice beast (D:7)
  3 ogres
  A phantom (D:7)
  2 centaurs
  3 necrophages
  2 bullfrogs
  2 scorpions (D:4)
  3 hounds
  3 orc priests
  A jelly (D:6)
  3 bullfrog skeletons
  A centaur skeleton (D:4)
  4 orc wizards
  A worker ant (D:7)
  2 hound skeletons (D:6)
  4 gnolls (D:6)
  10 adders
  3 oozes
  An adder zombie (D:5)
  3 worms
  A dart slug (D:2)
  6 leopard geckos
  26 orcs
  5 bats
  7 giant cockroaches
  10 goblins
  9 hobgoblins
  12 jackals
  8 kobolds
  4 quokkas
  5 ball pythons
  3 frilled lizards
  3 quokka skeletons
  A quokka zombie (D:6)
  12 rats
176 creatures vanquished.

Notes
Turn   | Place    | Note
-------+----------+-------------------------------------------
     0 | D:1      | vurker the Formicid Fighter began the quest for the Orb.
     0 | D:1      | Reached XP level 1. HP: 18/18 MP: 1/1
    26 | D:1      | Reached XP level 2. HP: 18/24 MP: 2/2
   494 | D:1      | Reached XP level 3. HP: 28/30 MP: 3/3
   541 | D:1      | Reached skill level 3 in Axes
  1229 | D:2      | Reached XP level 4. HP: 34/37 MP: 4/4
  1343 | D:2      | HP: 1/37 [poisoned by an adder]
  1711 | D:2      | Reached skill level 4 in Axes
  1793 | D:2      | Reached XP level 5. HP: 34/42 MP: 5/5
  2345 | D:3      | Noticed Sigmund
  2369 | D:3      | Killed Sigmund
  2369 | D:3      | Reached skill level 5 in Fighting
  2369 | D:3      | Reached skill level 5 in Axes
  2369 | D:3      | Reached XP level 6. HP: 20/51 MP: 6/6
  2923 | D:3      | Reached XP level 7. HP: 54/56 MP: 7/7
  3264 | D:4      | Reached skill level 6 in Axes
  3799 | D:5      | Entered Level 5 of the Dungeon
  3840 | D:5      | Found Guotaun's Armour Emporium.
  3846 | D:5      | Bought a +0 pair of gloves of strength for 138 gold pieces
  3853 | D:5      | Noticed Prince Ribbit
  4221 | D:5      | Noticed Edmund
  4243 | D:5      | Killed Edmund
  4243 | D:5      | Reached skill level 7 in Axes
  4243 | D:5      | Reached XP level 8. HP: 46/64 MP: 8/8
  4462 | D:5      | Killed Prince Ribbit
  4558 | D:5      | Reached skill level 8 in Axes
  4662 | D:5      | Found a staircase to the Ecumenical Temple.
  4914 | Temple   | Entered the Ecumenical Temple
  4929 | Temple   | Became a worshipper of Warmaster Okawaru
  5266 | D:6      | Reached skill level 1 in Invocations
  5266 | D:6      | Reached skill level 1 in Evocations
  5408 | D:6      | Found a burning altar of Makhleb.
  5524 | D:6      | Reached * piety under Okawaru
  5524 | D:6      | Reached XP level 9. HP: 72/72 MP: 10/10
  5629 | D:6      | Found Heojot's Antique Weapon Emporium.
  5944 | D:7      | Identified the Incunabulum of Stones and Conjuration
  6073 | D:7      | Reached skill level 9 in Axes
  6109 | D:7      | Noticed Joseph
  6126 | D:7      | Killed Joseph
  6126 | D:7      | Reached ** piety under Okawaru
  6126 | D:7      | Reached skill level 5 in Invocations
  6548 | D:7      | Noticed Harold
  6573 | D:7      | Killed Harold
  6573 | D:7      | Reached *** piety under Okawaru
  6573 | D:7      | Reached skill level 5 in Evocations
  6573 | D:7      | Reached XP level 10. HP: 45/79 MP: 14/14
  6799 | D:7      | Reached **** piety under Okawaru
  6800 | D:7      | Reached skill level 10 in Axes
  7042 | D:8      | Noticed Gastronok
  7045 | D:8      | Noticed Psyche
  7057 | D:8      | Cast into level 1 of the Abyss (Psyche)
  7118 | Abyss:1  | Noticed an orange demon
  7174 | Abyss:1  | Noticed a starcursed mass
  7186 | Abyss:1  | Killed from afar by a starcursed mass

Levels and vault maps discovered:
D:1:      lightli_arrival_statue_moat, layout_basic, hangedman_decor_growths,
          minmay_vboxes
D:2:      layout_loops_ring, first_ration
D:3:      layout_basic, uniq_sigmund
D:4:      layout_cave_pools
D:5:      layout_gridville, minmay_temple_entry_trees, serial_shops, shop,
          uniq_edmund, uniq_prince_ribbit1
D:6:      layout_loops_ring, makhleb_blood_cavern_becter, serial_shops,
          nicolae_shop_behind_doors, minmay_misc_feat_roman
D:7:      layout_rooms, grunt_livestock, uniq_joseph, uniq_harold
D:8:      layout_basic, uniq_gastronok, uniq_psyche
Temple:   roderic_octagonal_lattice_temple
Abyss:1:  hangedman_abyss_or_decor_lesser_grid

Skill      XL: |  1  2  3  4  5  6  7  8  9 10 |
---------------+-------------------------------+-----
Axes           | 3 4 5 7 8 9 10 | 10.0
Fighting       | 4 5 6 7 8 |  8.3
Invocations    | 2 6 7 |  7.2
Evocations     | 2 5 |  5.7
Armour         | |  3.2
Shields        | |  3.6

Action                   |  1- 3 |  4- 6 |  7- 9 | 10-12 || total
-------------------------+-------+-------+-------+-------++-------
Melee: War axe           |   129 |   135 |   298 |    32 ||   594
Invok: Heroism           |       |       |     1 |       ||     1
 Abil: Dig               |       |       |       |     2 ||     2
  Use: Potion            |       |     4 |     3 |     1 ||     8
       Scroll            |       |     7 |    12 |       ||    19
  Eat: Chunk             |     1 |     6 |     7 |       ||    14
       Ration            |       |       |     2 |       ||     2
Armor: Scale mail        |    72 |    48 |    62 |       ||   182
       Crystal plate arm |       |       |     6 |    35 ||    41
Dodge: Dodged            |    46 |    52 |    94 |     9 ||   201
Block: Shield            |    78 |    70 |   143 |    44 ||   335

Table legend:
 A = Non-vault XP
 B = Vault XP
 C = Vault XP percentage of total XP
 D = Non-vault monster count
 E = Vault monster count
 F = Vault count percentage of total count
                 A         B        C        D         E       F
            +---------+---------+-------+---------+---------+-------
      Total |    2649 |    3204 |  54.7 |     160 |      16 |   9.1
            +---------+---------+-------+---------+---------+-------
        D:1 |      44 |       7 |  13.7 |      29 |       4 |  12.1
        D:2 |     103 |       0 |   0.0 |      22 |       0 |   0.0
        D:3 |     180 |     223 |  55.3 |      35 |       1 |   2.8
        D:4 |     308 |       0 |   0.0 |      17 |       0 |   0.0
        D:5 |     250 |     407 |  61.9 |       7 |       2 |  22.2
        D:6 |     774 |     130 |  14.4 |      24 |       2 |   7.7
        D:7 |     990 |    2437 |  71.1 |      26 |       7 |  21.2
            +---------+---------+-------+---------+---------+-------
